Map: Frostline LE

Players

wootwoot - Winner!

  • Race: Terran Terran
  • League: Diamond
  • Spawn Location: 7:00

Kobold

  • Race: Protoss Protoss
  • League: Diamond
  • Spawn Location: 1:00

VOD

Have the link to the VOD?

Description

Time

  • Played on: April 22, 2025, 4:15 a.m.
  • Length: 3:02
Show
View Real Time Build Order
Export as new Build Order

wootwoot Terran - Winner!

Build Orders:  

Get SALT Encoding   

  12  0:00  SCV  
  13  0:12  SCV  
  14  0:17  Supply Depot  
  14  0:24  SCV  
  16  0:44  Barracks  
  15  0:50  Barracks  
  15  1:04  Barracks  
  15  1:09  SCV  
  16  1:31  Marine, Barracks  
  17  1:37  Marine  
  18  1:40  Supply Depot  
  18  1:49  Marine  
  18  1:51  Marine  
  20  1:54  Marine  
  21  2:06  Marine  
  22  2:08  Marine  
  22  2:12  Marine  
  24  2:21  Marine  
  25  2:24  Marine  
  25  2:26  Marine  
  27  2:30  Marine  
  27  2:39  Marine  
  27  2:42  Marine  
Show
View Real Time Build Order
Export as new Build Order

Kobold Protoss 

Build Orders:  

Get SALT Encoding   

  12  0:00  Probe  
  13  0:12  Probe  
  14  0:20  Pylon  
  14  0:24  Probe  
  15  0:34  Probe  
  15  0:42  Probe  
  16  0:45  Gateway  
  17  0:52  Assimilator, Probe  
  18  1:04  Probe  
  19  1:14  Gateway  
  19  1:18  Pylon  
  19  1:24  Probe  
  20  1:30  Zealot  
  20  1:36  Cybernetics Core, Probe  
  23  1:50  Probe, Pylon  
  24  2:01  Assimilator  
  24  2:02  Stalker, Probe  
  25  2:13  Stalker  
  25  2:14  Probe  
Tags
 
Add a new tag
Caveats
  • Supply blocks, unpowered buildings, or Contaminate may cause inaccurate times.
  • Supply counts are checked every 10 seconds.